Map: Snowbound Colony

Players

Simas

  • Race: Protoss Protoss
  • Spawn Location: 7:00

Nigrnog

  • Race: Zerg Zerg
  • Spawn Location: 7:00

MooEsqoo

  • Race: Protoss Protoss
  • Spawn Location: 6:00

vic

  • Race: Protoss Protoss
  • League: Gold
  • Spawn Location: 1:00

FERNAN

  • Race: Protoss Protoss
  • League: Gold
  • Spawn Location: 12:00

perryperry

  • Race: Terran Terran
  • Spawn Location: 1:00

VOD

Have the link to the VOD?

Description

Time

  • Played on: Nov. 17, 2019, 12:14 p.m.
  • Length: 7:04
Show
View Real Time Build Order
Export as new Build Order

Simas Protoss 

Build Orders:  

Get SALT Encoding   

  12  0:01  Probe (Chrono Boost)  
  13  0:12  Probe (Chrono Boost)  
  14  0:21  Pylon  
  14  0:23  Probe  
  15  0:33  Assimilator  
  15  0:39  Probe  
  16  0:51  Probe  
  16  0:52  Gateway  
  17  1:03  Probe  
  18  1:12  Forge  
  18  1:15  Probe  
  19  1:20  Pylon  
  19  1:24  Assimilator  
  19  1:27  Probe  
  21  1:40  Probe  
  21  1:45  Gateway  
  21  1:52  Probe, Zealot  
  24  2:04  Probe  
  25  2:26  Nexus  
  25  2:32  Cybernetics Core  
  25  2:38  Protoss Shields Level 1  
  25  2:48  Pylon  
  25  2:53  Pylon  
  25  2:57  Pylon  
  25  3:03  Assimilator  
  25  3:13  Assimilator  
  25  3:19  Stalker  
  27  3:23  Warp Gate  
  27  3:27  Stalker  
  29  3:39  Probe  
  30  3:49  Stalker  
  30  3:51  Probe  
  33  4:03  Probe  
  34  4:11  Photon Cannon  
  34  4:13  Photon Cannon  
  34  4:16  Stalker  
  36  4:20  Stalker  
  38  4:33  Photon Cannon  
  38  4:50  Photon Cannon  
  38  4:53  Photon Cannon  
  38  4:57  Stalker  
  40  5:02  Stalker  
  40  5:06  Probe (Chrono Boost)  
  43  5:18  Probe (Chrono Boost)  
  32  5:48  Stalker x2  
  32  5:59  Photon Cannon  
  32  6:02  Pylon  
  32  6:15  Stalker  
  32  6:17  Stalker  
  36  6:29  Photon Cannon  
  36  6:31  Photon Cannon  
  36  6:46  Probe  
  37  6:53  Stalker x2  
Show
View Real Time Build Order
Export as new Build Order

Nigrnog Zerg 

Build Orders: Pool First 

Get SALT Encoding   

  12  0:01  Drone  
  13  0:13  Overlord  
  13  0:18  Drone  
  14  0:32  Drone  
  14  0:33  Drone  
  16  0:36  Drone  
  17  0:46  Drone  
  18  0:54  Spawning Pool  
  18  0:57  Drone, Extractor  
  17  1:08  Drone  
  18  1:33  Drone x2  
  18  1:35  Hatchery  
  19  1:40  Queen  
  19  1:46  Drone  
  22  2:09  Overlord  
  22  2:17  Overlord  
  22  2:22  Metabolic Boost  
  22  2:25  Hatchery  
  22  2:29  Overlord  
  21  2:35  Zergling x2  
  21  2:36  Zergling x2  
  23  2:47  Queen  
  23  2:50  Drone  
  26  2:58  Drone x2  
  28  3:01  Zergling x2  
  28  3:02  Zergling x2  
  30  3:06  Drone  
  30  3:12  Evolution Chamber  
  30  3:16  Drone  
  31  3:24  Lair  
  31  3:36  Zergling x8  
  31  3:41  Zerg Melee Weapons Level 1  
  35  3:53  Drone x3  
  38  4:06  Overlord x3  
  38  4:10  Zergling x4  
  38  4:12  Zergling x2  
  38  4:14  Zergling x2  
  42  4:18  Zergling x2  
  42  4:19  Zergling x2  
  42  4:21  Zergling x2  
  45  4:28  Queen  
  45  4:30  Drone  
  48  4:33  Drone  
  49  4:40  Zergling x4, Extractor  
  50  4:48  Evolution Chamber  
  49  4:54  Spire  
  49  4:55  Zergling x2  
  49  4:59  Zergling x4  
  51  5:02  Zergling x2  
  51  5:05  Zergling x2  
  53  5:07  Drone  
  53  5:10  Drone  
  47  5:30  Zergling x8  
  47  5:31  Zergling x8  
  47  5:32  Zergling x2  
  43  5:45  Zergling x6  
  43  5:46  Zergling x6  
  48  5:55  Zergling x2  
  49  6:04  Zergling x8  
  49  6:08  Zergling x2  
  54  6:12  Drone  
  54  6:17  Zergling x2  
  56  6:22  Drone  
  58  6:25  Zergling x4  
  58  6:29  Overlord x2  
  58  6:30  Zergling x8  
Show
View Real Time Build Order
Export as new Build Order

MooEsqoo Protoss 

Build Orders:  

Get SALT Encoding   

  12  0:02  Probe  
  13  0:14  Pylon  
  13  0:18  Probe  
  14  0:30  Probe  
  15  0:35  Gateway  
  15  0:42  Probe  
  16  0:55  Assimilator  
  16  1:02  Pylon  
  16  1:11  Probe  
  17  1:23  Probe  
  17  1:24  Cybernetics Core  
  18  1:38  Probe  
  19  1:46  Nexus  
  19  1:56  Probe  
  19  1:58  Assimilator  
  20  2:10  Stalker (Chrono Boost)  
  22  2:22  Probe  
  23  2:27  Warp Gate (Chrono Boost)  
  23  2:34  Probe  
  24  2:37  Stalker  
  26  2:46  Probe  
  26  2:48  Forge  
  26  2:50  Gateway  
  27  3:07  Stalker  
  27  3:08  Probe  
  27  3:09  Probe  
  31  3:18  Protoss Ground Weapons Level 1 (Chrono Boost)  
  31  3:20  Probe  
  31  3:21  Probe  
  31  3:22  Assimilator  
  33  3:37  Stalker (Chrono Boost)  
  33  3:38  Stalker (Chrono Boost)  
  37  3:58  Probe x2  
  39  4:10  Gateway, Probe x2  
  41  4:22  Probe  
  41  4:23  Probe  
  43  4:30  Stalker  
  45  4:36  Pylon  
  45  4:38  Pylon  
  45  4:40  Pylon  
  45  4:44  Robotics Facility  
  45  4:49  Pylon  
  45  4:52  Pylon  
  45  4:55  Stalker  
  45  4:57  Stalker  
  49  5:01  Probe x2  
  51  5:13  Probe x2  
  50  5:31  Shield Battery  
  37  5:46  Stalker x3  
Show
View Real Time Build Order
Export as new Build Order

vic Protoss 

Build Orders:  

Get SALT Encoding   

  12  0:01  Probe  
  13  0:20  Pylon  
  13  0:21  Probe (Chrono Boost)  
  14  0:33  Probe (Chrono Boost)  
  15  0:40  Gateway  
  15  0:42  Probe (Chrono Boost)  
  16  0:48  Probe  
  17  1:01  Probe (Chrono Boost)  
  17  1:03  Assimilator  
  19  1:12  Probe (Chrono Boost)  
  19  1:16  Gateway  
  19  1:17  Probe (Chrono Boost)  
  20  1:27  Probe  
  20  1:31  Cybernetics Core  
  21  1:38  Assimilator  
  21  1:39  Probe  
  22  1:47  Gateway  
  22  1:54  Pylon  
  22  2:07  Warp Gate  
  22  2:13  Stalker  
  24  2:21  Probe (Chrono Boost)  
  25  2:26  Stalker  
  27  2:32  Probe (Chrono Boost)  
  27  2:35  Pylon  
  28  2:37  Probe (Chrono Boost), Stalker  
  31  2:53  Probe, Stalker  
  34  2:59  Pylon  
  34  3:02  Stalker  
  42  3:45  Pylon  
  36  3:57  Pylon  
  36  4:03  Stalker x2  
  36  4:04  Stalker  
  42  4:15  Gateway  
  42  4:19  Gateway  
  42  4:22  Gateway  
  42  4:27  Stalker x3  
  48  4:42  Pylon  
  48  4:51  Stalker x2  
  52  4:52  Stalker  
  48  5:29  Stalker x4  
  48  5:57  Stalker x4  
  56  6:20  Stalker  
  56  6:21  Stalker x2  
  62  6:49  Stalker x4  
Show
View Real Time Build Order
Export as new Build Order

FERNAN Protoss 

Build Orders:  

Get SALT Encoding   

  12  0:02  Probe  
  13  0:18  Probe  
  13  0:21  Pylon  
  14  0:38  Probe  
  15  0:47  Gateway  
  15  0:51  Pylon  
  15  0:53  Assimilator  
  15  0:54  Probe (Chrono Boost)  
  17  1:04  Probe (Chrono Boost)  
  17  1:09  Probe (Chrono Boost)  
  18  1:20  Gateway  
  18  1:27  Assimilator  
  18  1:43  Probe  
  19  1:57  Cybernetics Core  
  19  2:06  Probe (Chrono Boost)  
  21  2:16  Probe (Chrono Boost)  
  21  2:18  Gateway  
  21  2:20  Gateway  
  21  2:21  Probe (Chrono Boost)  
  22  2:33  Stalker  
  22  2:34  Stalker  
  26  2:53  Pylon  
  26  2:56  Pylon  
  26  3:03  Stalker  
  28  3:07  Stalker  
  28  3:10  Stalker  
  32  3:24  Pylon  
  32  3:35  Stalker x2  
  36  3:54  Twilight Council  
  36  3:57  Stalker  
  38  4:06  Warp Gate (Chrono Boost)  
  38  4:13  Stalker  
  38  4:15  Stalker  
  42  4:39  Forge, Stalker  
  44  4:50  Pylon, Stalker  
  42  5:33  Stalker x4  
  48  6:03  Stalker  
  50  6:49  Pylon  
Show
View Real Time Build Order
Export as new Build Order

perryperry Terran 

Build Orders:  

Get SALT Encoding   

  12  0:03  SCV  
  13  0:25  SCV  
  14  0:29  Supply Depot  
  14  0:37  SCV  
  15  0:51  SCV  
  15  0:52  Supply Depot  
  16  1:03  SCV  
  17  1:14  Barracks  
  17  1:15  Supply Depot, SCV  
  18  1:27  Refinery, SCV  
  18  1:30  Refinery  
  19  1:38  Supply Depot  
  19  1:39  SCV  
  20  1:51  SCV  
  21  2:01  Supply Depot  
  21  2:03  SCV  
  21  2:05  Marine  
  24  2:15  SCV  
  24  2:18  Barracks  
  24  2:26  Supply Depot  
  24  2:27  SCV  
  25  2:34  Marine  
  26  2:39  SCV  
  27  2:51  Barracks  
  27  3:02  Barracks Reactor  
  27  3:05  Barracks Reactor  
  27  3:12  Barracks  
  27  3:41  Marine x2  
  27  3:42  Marine x2  
  31  3:51  Barracks Tech Lab  
  31  3:59  Marine x4  
  31  4:01  Command Center  
  35  4:05  Barracks Reactor  
  35  4:12  Refinery  
  35  4:25  Orbital Command  
  35  4:31  Marine x3  
  35  4:32  Marine  
  35  4:38  Combat Shield  
  39  4:51  Marine  
  39  4:52  Marine x2  
  41  4:53  Marine  
  41  4:55  Marine  
  41  4:59  Marine  
  44  5:14  Refinery  
  29  5:49  SCV  
  27  6:01  SCV  
  27  6:02  Marine  
  27  6:03  Marine x5  
  34  6:13  SCV  
  34  6:14  SCV  
  36  6:20  Marine x3  
  36  6:21  Marine x3  
  42  6:26  SCV x2  
  44  6:38  Marine x4, SCV x2  
  44  6:39  Marine x2  
  52  6:50  SCV x2  
Tags
 
Add a new tag
Caveats
  • Supply blocks, unpowered buildings, or Contaminate may cause inaccurate times.
  • Supply counts are checked every 10 seconds.